[Event "*** Titled Tuesday Blitz"]
[Site "Chess.com"]
[Date "2020.04.07"]
[Round "3"]
[White "tomsishere"]
[Black "DejanNestor64"]
[Result "0-1"]
[WhiteElo "2210"]
[BlackElo "2435"]
[TimeControl "180+1"]
[EndTime "13:30:16 PDT"]
[Termination "DejanNestor64 won on time"]

1. d4 Nf6 2. c4 e6 3. Nc3 Bb4 4.
Qc2 O-O 5. Nf3 d6 6. Bd2 Nbd7 7. a3 Bxc3 8. Bxc3 Qe7 9. e3 b6 10. Be2 Bb7 11. O-O Ne4 12. Nd2 f5 13. f3 Nxc3 14.
Qxc3 e5 15. d5 a5 16. b4 c6 17. e4 f4 18. Rab1 axb4 19. axb4 g5 20. dxc6 Bxc6 21.
Rfd1 Rf6 22. Nf1 Nf8 23. Rbc1 Ne6 24. Rd2 Kg7 25. Rcd1 Rd8 26. h3 h5 27. Nh2 Kh6 28.
Ra2 Qc7 29. Qa1 Rf7 30. Nf1 Nd4 31. Rxd4 exd4 32. Qxd4 Re8 33. Rd2 Re6 34. Rd1 Rfe7 35. Nd2 Be8 36. Qh8+ Rh7 37. Qd4 Kg6 38. Nb1 Bc6 39. Bd3 Kh6 40. Nc3 Qg7 41. Qxb6 Qxc3 42.
Qxc6 Qxb4 43. Qd5 Rhe7 44. h4 Qc5+ 45. Qxc5 dxc5 46. hxg5+ Kxg5 47. Be2 Kf6 48. Kf2 Ra7 49. Rd5 Ra2 50. Rxh5 Kg6 51. Rf5 Rb6 0-1

[Event "*** Titled Tuesday Blitz"]
[Site "Chess.com"]
[Date "2020.04.07"]
[Round "3"]
[White "Ba_clbaf_osed_ingo_3v21"]
[Black "HansCoolNiemann"]
[Result "1-0"]
[WhiteElo "2677"]
[BlackElo "2923"]
[TimeControl "180+1"]
[EndTime "13:30:17 PDT"]
[Termination "Ba_clbaf_osed_ingo_3v21 won on time"]

1. Nf3 Nf6 2. c4 g6 3. Nc3 Bg7 4.
e4 O-O 5. d4 d6 6. Be2 c5 7. O-O Na6 8. d5 e5 9. a3 Nh5 10. Ne1 Nf4 11. Bf3 f5 12. Nd3 Nxd3 13. Qxd3 f4 14. Rb1 h5 15. b4 Bg4 16. h3 Bd7 17.
Bd2 Qe7 18. Qc2 Rac8 19. Na4 Qe8 20. Bd1 cxb4 21. axb4 f3 22. b5 fxg2 23. Kxg2 Nc7 24. b6 Nb5 25. bxa7 Nd4 26. Qa2 Qd8 27. Nb6 Qh4 28. Nxd7 Rfd8 29. Nb6 Qxe4+ 30. f3 Qh4 31. Nxc8 Nf5 32. Be1 Ne3+ 33. Kg1 Qg5+ 34. Kf2 Qg2+ 35. Kxe3 Qxa2 36. Rxb7 Bh6+ 37. Kd3 Re8 38. Bc3 Qg2 39. Ne7+ Kh8 40. Be2 1-0

[Event "*** Titled Tuesday Blitz"]
[Site "Chess.com"]
[Date "2020.04.07"]
[Round "3"]
[White "LuckyTiger"]
[Black "Alliswell998"]
[Result "0-1"]
[WhiteElo "2743"]
[BlackElo "2541"]
[TimeControl "180+1"]
[EndTime "13:30:17 PDT"]
[Termination "Alliswell998 won on time"]

1. e4 c5 2. c3 d5 3. exd5 Nf6 4. d4 Nxd5 5. Nf3 e6 6. Bd3 Nc6 7. O-O b6 8. a3 Bb7 9. Qe2 Be7 10. dxc5 Bxc5 11. b4 Be7 12. c4 Nf6 13. Bb2 O-O 14. Nc3 a6 15. Rfe1 Qc7 16. Rac1 Rac8 17. Bb1 Rfd8 18. Ne4 Qf4 19. g3 Qg4 20. h3 Qxh3 21. Nfg5 Qh6 22. Nxf7 Kxf7 23. Nxf6 Nd4 24. Qh5+ Qxh5 25.
Nxh5 Nf3+ 26. Kf1 Nd2+ 27. Kg1 Nf3+ 28. Kf1 Nxe1 29. Kxe1 Bg5 30. f4 Be7 31. Nxg7 Rg8 32. Bxh7 Rxg7 33. Bxg7 Kxg7 34. Bd3 Rh8 35. c5 bxc5 36.
bxc5 Rh1+ 37. Kd2 Rxc1 38. Kxc1 Bxc5 39. a4 Bf2 40. g4 Be3+ 41. Kc2 Bxf4 42. Kc3 Kf6 43.
Kd4 Kg5 44. Be2 a5 45. Kc5 e5 46. Kb6 Bc8 47. Kxa5 Bxg4 48. Bd3 Bf5 49. Be2 Bc2 50. Kb5 Kf5 51. a5 Be3 52. a6 Ke4 0-1

[Event "*** Titled Tuesday Blitz"]
[Site "Chess.com"]
[Date "2020.04.07"]
[Round "3"]
[White "powermove"]
[Black "Caclox"]
[Result "1/2-1/2"]
[WhiteElo "1458"]
[BlackElo "2490"]
[TimeControl "180+1"]
[EndTime "13:30:17 PDT"]
[Termination "Game drawn by repetition"]

1. e4 c5 2. Nf3 d6 3. d4 cxd4 4. Nxd4 Nf6 5. f3 a6 6. c4 e6 7. Be2 b6 8. Nc3 Bb7 9. Be3 Nbd7 10. O-O Be7 11. Rc1 O-O 12. Qd2 Qc7 13. b3 Rac8 14. Rfd1 Qb8 15. Nc2 Bd8 16. Bf4 Ne5 17. Kh1 Bc7 18. Bg5 Kh8 19. Qf4 Ng6 20. Qe3 Nd7 21. Qf2 h6 22. Be3 Bc6 23. Nd4 Ba8 24. Bf1 Nf6 25.
Qd2 Kh7 26. Bd3 d5 27. exd5 exd5 28. cxd5 Bxh2 29. Nce2 Nxd5 30. Bf2 Be5 31. Rxc8 Rxc8 32. f4 Nxf4 33. Nxf4 Bxf4 34. Qe2 Re8 35. Qg4 Re5 36.
Nf5 Bg5 37. Bd4 b5 38. Bxe5 Qxe5 39. Qd4 Bf6 40. Qxe5 Bxe5 41. Ne7 h5 42. Nxg6 fxg6 43. Re1 Bf6 44. Re6 Bb7 45. Rb6 Bc8 46. Rc6 Bb7 47. Rb6 Bc8 48. Rc6 Bb7 49. Rb6 1/2-1/2

[Event "*** Titled Tuesday Blitz"]
[Site "Chess.com"]
[Date "2020.04.07"]
[Round "3"]
[White "dusanacns"]
[Black "hermionegrangermagic"]
[Result "1-0"]
[WhiteElo "2739"]
[BlackElo "2461"]
[TimeControl "180+1"]
[EndTime "13:30:18 PDT"]
[Termination "dusanacns won by resignation"]

1. d4 Nf6 2. Nf3 d5 3. Bf4 c5 4. e3 Nc6 5. Nbd2 Bf5 6. dxc5 e6 7. Nb3 Bxc5 8. Nxc5 Qa5+ 9. c3 Qxc5 10. Nd4 Nxd4 11.
exd4 Qc6 12. Be2 O-O 13. O-O Qb6 14. Qb3 Rfc8 15. Qxb6 axb6 16. f3 h6 17. g4 Bh7 18.
Kf2 Kf8 19. h4 Ke7 20. h5 Ne8 21. g5 hxg5 22. Bxg5+ f6 23. Bf4 Nd6 24. Rg1 Nf5 25. Bd3 Kf7 26. Bb5 Ne7 27. a4 Bf5 28. Rg2 Rh8 29.
Rag1 g5 30. hxg6+ Nxg6 31. Bc7 Rag8 32. Bxb6 Rh3 33. Bc7 Ke7 34. Rh2 Rxh2+ 35. Bxh2 Rh8 36. Bg3 e5 37. a5 e4 38. Ra1 exf3 39. Kxf3 Be4+ 40. Kf2 f5 41. Bc7 f4 42. Rg1 Rh2+ 43. Kf1 Rh6 44. b3 Nh4 45. Kf2 Nf5 46. Bxf4 Rf6 47.
Bg5 Nd6+ 48. Bxf6+ Kxf6 49. Be2 Bc2 50. b4 Ba4 51. Bd3 Ne4+ 52. Bxe4 dxe4 53. c4 Bb3 54. Rc1 Kf5 55. Ke3 Ba4 56. b5 Bb3 57. a6 bxa6 58.
bxa6 Ba4 59. d5 Bc6 60. dxc6 1-0

[Event "*** Titled Tuesday Blitz"]
[Site "Chess.com"]
[Date "2020.04.07"]
[Round "3"]
[White "harvsp123"]
[Black "Man-Chuk"]
[Result "1/2-1/2"]
[WhiteElo "2532"]
[BlackElo "2769"]
[TimeControl "180+1"]
[EndTime "13:30:19 PDT"]
[Termination "Game drawn by repetition"]

1. e4 e5 2. Nf3 Nc6 3. Bb5 Nf6 4. O-O d6 5. Re1 Bd7 6. c3 g6 7. d4 Bg7 8. h3 O-O 9. Ba4 Re8 10. Nbd2 Rb8 11.
Bc2 b5 12. a4 b4 13. Nc4 bxc3 14.
bxc3 exd4 15. cxd4 Nb4 16. Bg5 h6 17. Bxf6 Qxf6 18.
Bb3 Be6 19. Rb1 d5 20. e5 Qe7 21. Ne3 a5 22. Rc1 c6 23. Qd2 h5 24. Rc5 Qd8 25. h4 Bh6 26. Qc3 Bg4 27. Ng5 Bxg5 28. hxg5 Qxg5 29.
Rxa5 h4 30. Nxg4 Qxg4 31. Ra7 Rf8 32. Bd1 Qg5 33. Re3 Na2 34. Qd2 Rb1 35. e6 fxe6 36. Qc2 Ra1 37. Rxe6 Qf5 38. Rxg6+ Kh8 39. Rh6+ Kg8 40. Rg6+ Kh8 41. Rh6+ Kg8 42. Rg6+ 1/2-1/2

[Event "*** Titled Tuesday Blitz"]
[Site "Chess.com"]
[Date "2020.04.07"]
[Round "3"]
[White "lucasran"]
[Black "Kumi29"]
[Result "1-0"]
[WhiteElo "2706"]
[BlackElo "2438"]
[TimeControl "180+1"]
[EndTime "13:30:19 PDT"]
[Termination "lucasran won by resignation"]

1. Nf3 b6 2. g3 Bb7 3. Bg2 e6 4. O-O f5 5. c4 Nf6 6. Nc3 Be7 7. d4 O-O 8. b3 Ne4 9. Bb2 d6 10.
Qc2 Nxc3 11. Bxc3 Nd7 12. Rad1 Qe8 13. Ne1 Bxg2 14. Nxg2 e5 15. f4 exd4 16. Bxd4 Bf6 17. Rfe1 Bxd4+ 18. Rxd4 Nc5 19. e3 Ne4 20. Nh4 Qe6 21.
Nxf5 Rae8 22. Nh4 a5 23. Nf3 g5 24. Qg2 g4 25. Nd2 Nxd2 26. Qxd2 h5 27. Rd5 h4 28.
Qd4 Rf7 29. Rg5+ Kf8 30. Qh8+ Ke7 31. Qxh4 Kd7 32. Qxg4 Qxg4 33. Rxg4 c6 34. Kf2 d5 35. cxd5 cxd5 36. Rg5 Kc6 37. Rc1+ Kd6 38. Rd1 Rfe7 39. Rgxd5+ Kc6 40. R5d3 Kb5 41. a3 a4 42. bxa4+ Kxa4 43. Rb1 b5 44. Rb4+ Ka5 45. Rdb3 Rc8 46. Rxb5+ Ka4 47.
R5b4+ Ka5 48. h4 Re6 49. h5 Rc2+ 50. Kf3 Rh2 51. Re4 Rc2 52. Rxe6 Rc4 53. Rb8 Rb4 54.
axb4+ 1-0

[Event "*** Titled Tuesday Blitz"]
[Site "Chess.com"]
[Date "2020.04.07"]
[Round "3"]
[White "SidArun"]
[Black "LogoCzar"]
[Result "0-1"]
[WhiteElo "2203"]
[BlackElo "2399"]
[TimeControl "180+1"]
[EndTime "13:30:19 PDT"]
[Termination "LogoCzar won by resignation"]

1. d4 d5 2. Nc3 Nf6 3. Bf4 c5 4. e3 cxd4 5. exd4 a6 6. Nf3 Bg4 7. h3 Bh5 8. g4 Bg6 9. Ne5 Nc6 10. Bd3 Bxd3 11. Qxd3 e6 12. O-O-O Be7 13. Be3 Nxe5 14. dxe5 Nd7 15. f4 Rc8 16. Kb1 b5 17. Ne2 Nc5 18.
Bxc5 Rxc5 19. f5 Qc7 20. Nd4 exf5 21. Nxf5 O-O 22. Rhe1 Rc8 23. Re2 Bf8 24. g5 b4 25.
Nd4 a5 26. e6 Re8 27. Rf1 Re7 28. Ref2 Qe5 29. Rxf7 Rxf7 30. exf7+ Kh8 31. g6 Rc7 32. Nf3 Qh5 33. Re1 Qxg6 34. Qxg6 hxg6 35. Ne5 Kh7 36. Rg1 Bd6 37. Nxg6 Rxf7 38. a3 Rf6 39. Nh4 bxa3 40. bxa3 Bxa3 41. Rg4 Bb4 42.
Ka2 Rf2 43. Kb3 Bd6 44. Ng2 Be5 45. Ne3 Rf3 0-1

[Event "*** Titled Tuesday Blitz"]
[Site "Chess.com"]
[Date "2020.04.07"]
[Round "3"]
[White "Playgood28"]
[Black "IMRosen"]
[Result "0-1"]
[WhiteElo "2242"]
[BlackElo "2470"]
[TimeControl "180+1"]
[EndTime "13:30:20 PDT"]
[Termination "IMRosen won on time"]

1. d4 d5 2. c4 e6 3. Nc3 Nf6 4. Bg5 Be7 5. cxd5 exd5 6. Qc2 c5 7.
e3 Nc6 8. dxc5 O-O 9. Nf3 Be6 10.
Rd1 Qa5 11. a3 Qxc5 12. b4 Qb6 13. Bd3 h6 14. Bf4 Rac8 15. Qb2 Nh5 16. O-O Nxf4 17. exf4 Bf6 18. Rc1 Ne7 19. Qd2 Rfd8 20. Rfe1 Nf5 21. Ne5 Nd4 22. Qd1 a5 23. b5 Rc7 24. a4 Rdc8 25. Na2 Qd6 26. Rxc7 Rxc7 27. Qd2 b6 28. Rc1 Rc5 29. Bh7+ Kxh7 30. Qxd4 Rxc1+ 31. Nxc1 Qa3 32. Qd1 Qc3 33. Qd3+ Qxd3 34. Ncxd3 d4 35. Kf1 Bb3 36. Nb2 g5 37. g3 gxf4 38. gxf4 Kg7 39. Ke2 Be7 40.
Kd3 Bc5 41. Nec4 Kf6 42. Ne5 Bd5 43. Nd7+ Ke6 0-1

[Event "*** Titled Tuesday Blitz"]
[Site "Chess.com"]
[Date "2020.04.07"]
[Round "3"]
[White "Cocaino74"]
[Black "medalja"]
[Result "1-0"]
[WhiteElo "2271"]
[BlackElo "2433"]
[TimeControl "180+1"]
[EndTime "13:30:20 PDT"]
[Termination "Cocaino74 won by checkmate"]

1. e4 c6 2. d4 d5 3. exd5 cxd5 4. Bd3 Nc6 5. c3 Nf6 6. Bf4 Bg4 7. Qb3 Qd7 8. Nd2 e6 9. h3 Bf5 10. Bxf5 exf5 11.
Ne2 Be7 12. O-O O-O 13. Rfe1 Ne4 14. f3 Nxd2 15. Bxd2 Na5 16. Qc2 Nc4 17. b3 Nxd2 18. Qxd2 Rac8 19. Nf4 Bg5 20. g3 Bxf4 21. gxf4 Rc6 22.
Kh2 Qc7 23. Rac1 Rc8 24. Re5 Qd7 25. Rce1 g6 26. Re7 Qd6 27. Re8+ Kg7 28. Rxc8 Rxc8 29. Re5 f6 30. Re1 g5 31. Qe3 Kg6 32. Qe6 Qxf4+ 33. Kg2 Qd2+ 34. Re2 Qxc3 35. h4 Qc6 36. h5+ Kh6 37.
Qxf5 Rc7 38. Kh3 Qd7 39. Re6 Rc8 40. Rxf6+ Kg7 41. h6+ Kg8 42. Qxd7 Rf8 43. Qg7# 1-0

[Event "*** Titled Tuesday Blitz"]
[Site "Chess.com"]
[Date "2020.04.07"]
[Round "3"]
[White "timator"]
[Black "Anton_Demchenko"]
[Result "0-1"]
[WhiteElo "2673"]
[BlackElo "2960"]
[TimeControl "180+1"]
[EndTime "13:30:21 PDT"]
[Termination "Anton_Demchenko won by resignation"]

1. Nf3 Nf6 2. d4 d6 3. g3 g6 4. Bg2 Bg7 5. O-O O-O 6. b3 Nbd7 7. Bb2 Re8 8. c4 e5 9. dxe5 Ng4 10. Nc3 dxe5 11. h3 Nh6 12. Qc2 e4 13. Nh2 f5 14.
Rfd1 c6 15. Nf1 Qe7 16. Ne3 Nf7 17. a4 a5 18. Rac1 Nde5 19. Ra1 Bh6 20. Ba3 Qf6 21. Bc5 Be6 22. Nf1 Bg7 23. Bd4 Qe7 24. Rac1 Red8 25.
Bb6 Re8 26. Bd4 h5 27. h4 g5 28. hxg5 Qxg5 29. Qd2 Qe7 30. Be3 Ng4 31. Bf4 Rad8 32. Qc2 Qc5 33. Ne3 Rxd1+ 34. Rxd1 Nge5 35. Nf1 Ng6 36. Be3 Qb4 37. Na2 Qe7 38. Bd4 Bxd4 39.
Rxd4 h4 40. Qd2 c5 41. Rd5 Bxd5 42. Qxd5 Ne5 43. Ne3 hxg3 44. Nxf5 gxf2+ 45. Kxf2 Qg5 46. Ne3 Qf4+ 47. Ke1 Qxe3 48. Bxe4 Qg3+ 0-1

[Event "*** Titled Tuesday Blitz"]
[Site "Chess.com"]
[Date "2020.04.07"]
[Round "3"]
[White "ValentinDragnev"]
[Black "Natalya_Buksa"]
[Result "1/2-1/2"]
[WhiteElo "2715"]
[BlackElo "2456"]
[TimeControl "180+1"]
[EndTime "13:30:21 PDT"]
[Termination "Game drawn by agreement"]

1. Nf3 d5 2. d4 Nf6 3. Bf4 e6 4. e3 c5 5. Nbd2 Nc6 6. c3 cxd4 7. exd4 Nh5 8. Bg5 f6 9. Be3 g6 10. Be2 Bd6 11. O-O O-O 12. Re1 Ng7 13. Nf1 Bd7 14. c4 Rc8 15. cxd5 exd5 16. Ng3 Be6 17. Bf1 Qd7 18. a3 Ne7 19. Bh6 Rfe8 20. Qd2 Nef5 21. Bf4 Nxg3 22. hxg3 Bf5 23. Qa5 Bxf4 24. gxf4 a6 25.
Rac1 Ne6 26. Qd2 Rxc1 27. Rxc1 Rc8 28. Rxc8+ Qxc8 29. g3 Kf7 30. Bd3 Bxd3 31. Qxd3 Qc1+ 32. Kg2 Qxb2 33. f5 Nc7 34. fxg6+ hxg6 35. Nh4 f5 36. Nf3 Ne6 37. Qe3 Qc2 38. Ne5+ Kf6 39. Qh6 Qe4+ 40.
Kh2 Qxd4 41. Qh8+ Ng7 42. f4 Qf2+ 43. Kh1 Qf1+ 44. Kh2 Qf2+ 45. Kh1 1/2-1/2

[Event "*** Titled Tuesday Blitz"]
[Site "Chess.com"]
[Date "2020.04.07"]
[Round "3"]
[White "cuprichanin"]
[Black "tgpgoat"]
[Result "0-1"]
[WhiteElo "2329"]
[BlackElo "2063"]
[TimeControl "180+1"]
[EndTime "13:30:21 PDT"]
[Termination "tgpgoat won by checkmate"]

1. Nc3 Nf6 2. e4 e5 3. Bc4 Bc5 4. d3 O-O 5. h3 c6 6. Nge2 d5 7. exd5 cxd5 8. Bb3 Nc6 9. O-O Bf5 10. Bg5 Be6 11.
Bxf6 gxf6 12. Ng3 Kh8 13. Qh5 Rg8 14. Kh2 Qd7 15. Qh4 Rg6 16. f4 Rag8 17. Nce2 Nd4 18.
Nxd4 Rxg3 19. Qxf6+ R8g7 20. Nxe6 Rxg2+ 21. Kh1 fxe6 22. fxe5 Qe8 23. d4 Bxd4 24. Qf8+ Qxf8 25. Rxf8+ Rg8 26.
Rxg8+ Rxg8 27. c3 Bxe5 28. Re1 Rg5 29. Rf1 Kg7 30. Bc2 Rh5 31. Rg1+ Kf6 32. Rf1+ Ke7 33. Re1 Rxh3+ 34. Kg2 Rh2+ 35. Kf3 Rxc2 36. Rxe5 Rxb2 37. Rh5 Rxa2 38. Rxh7+ Kd6 39. Ke3 Ra3 40. Kd3 b5 41. Kd4 a5 42. Rh6 b4 43. cxb4 axb4 44. Rg6 Rh3 45.
Rf6 b3 46. Rf2 e5# 0-1

[Event "*** Titled Tuesday Blitz"]
[Site "Chess.com"]
[Date "2020.04.07"]
[Round "3"]
[White "econpower"]
[Black "checkmatequen"]
[Result "1-0"]
[WhiteElo "2735"]
[BlackElo "2249"]
[TimeControl "180+1"]
[EndTime "13:30:22 PDT"]
[Termination "econpower won by resignation"]

1. c4 c5 2. g3 Nc6 3. Bg2 g6 4. Nc3 Bg7 5. e3 d6 6. Nge2 Nf6 7. O-O O-O 8. a3 Be6 9. Nd5 Ne5 10. d3 Nxd5 11.
cxd5 Bg4 12. f3 Bd7 13. Qc2 b5 14. f4 Ng4 15. h3 Nh6 16. g4 Rc8 17. Rb1 c4 18. d4 f5 19. g5 Nf7 20. Bd2 a5 21. b3 c3 22. Be1 b4 23. Nc1 Bb5 24. Rf2 Qb6 25. Kh2 Nd8 26. h4 Qa6 27. a4 Be8 28. h5 gxh5 29. Ne2 Bg6 30. Ng3 Kf7 31. Nxf5 Qb7 32.
Rd1 Qd7 33. e4 Kg8 34. Bh3 Qa7 35. Nxg7 Kxg7 36. Bxc8 Nf7 37. Bh3 Qc7 38. Rg2 Kh8 39.
f5 Bxf5 40. Bxf5 Nd8 41. Bh4 e6 42. dxe6 d5+ 43. Bg3 Qe7 44. Be5+ Kg8 45. g6 h6 46. g7 Re8 47. Qf2 Nxe6 48. exd5 Ng5 49. Bc2 Qd7 50. Qf5 Qe7 51. Rf1 Rc8 52. Rxg5 1-0

[Event "*** Titled Tuesday Blitz"]
[Site "Chess.com"]
[Date "2020.04.07"]
[Round "3"]
[White "Grandmaster2B"]
[Black "AnishGiri"]
[Result "0-1"]
[WhiteElo "2556"]
[BlackElo "2938"]
[TimeControl "180+1"]
[EndTime "13:30:22 PDT"]
[Termination "AnishGiri won by resignation"]

1. e4 e6 2. d4 d5 3. Nd2 c5 4.
exd5 Qxd5 5. Ngf3 cxd4 6. Bc4 Qd6 7. O-O Nf6 8. Nb3 Nc6 9. Nbxd4 Nxd4 10. Nxd4 Be7 11.
Re1 O-O 12. c3 Qc7 13. Qe2 Bd7 14. Bg5 Rac8 15. Bd3 Rfe8 16. Bc2 Nd5 17. Bxe7 Nxe7 18. Rad1 Qb6 19. Rd3 Ng6 20. Rd2 Nf8 21. Qf3 Rc5 22.
Be4 Bc8 23. Qe3 Qc7 24. Nb3 Rh5 25. g3 b6 26. Bf3 Rh6 27. Nd4 Bd7 28. Qe5 Qc8 29.
Nb5 Ng6 30. Qe2 Bxb5 31. Qxb5 Nf8 32. Red1 e5 33. Qf1 e4 34. Be2 Qc5 35. Rd5 Qe7 36. Bb5 Rc8 37. R5d4 Rh5 38. Re1 Re5 39. Ba4 f5 40.
Bb3+ Kh8 41. Red1 e3 42. fxe3 Rxe3 43. Qf2 g6 44. R4d2 Re8 45. Bc4 Qc5 46. Bf1 Kg7 47. Rd4 R3e7 48. Qd2 Ne6 49. Qf2 Nxd4 50. cxd4 Qd6 51.
Bg2 Re2 52. Qf3 Rxb2 53. Qb7+ Re7 54. Qf3 Ree2 55. d5 Rxg2+ 0-1

[Event "*** Titled Tuesday Blitz"]
[Site "Chess.com"]
[Date "2020.04.07"]
[Round "3"]
[White "SGchess01"]
[Black "Magician4MA"]
[Result "1-0"]
[WhiteElo "2806"]
[BlackElo "2476"]
[TimeControl "180+1"]
[EndTime "13:30:22 PDT"]
[Termination "SGchess01 won on time"]

1. e4 e5 2. Nf3 Nc6 3. Bc4 Nf6 4. d3 h6 5. O-O d6 6. Bb3 g5 7. c3 g4 8. Nfd2 h5 9. Nc4 Bh6 10. Bxh6 Rxh6 11. d4 Qe7 12. Re1 Bd7 13. Ne3 O-O-O 14. Nd2 h4 15. Ba4 Qf8 16. d5 Ne7 17. Bxd7+ Rxd7 18. Nxg4 Nxg4 19. Qxg4 f5 20. exf5 Nxf5 21. Qh3 Rg7 22. Ne4 Kb8 23. f3 Qf7 24. Rad1 Ne7 25. Qd7 Qxf3 26. Ng5 Qf6 27. Qd8+ Nc8 28. Qxf6 Rxf6 29.
Ne6 Rgg6 30. Rf1 Ne7 31. c4 Kc8 32. Rxf6 Rxf6 33. Rf1 Rxf1+ 34. Kxf1 Kd7 35. Ng5 c6 36. dxc6+ Kxc6 37. Ke2 Nf5 38. Nf3 Kc5 39. b3 Kb4 40. Kd3 Ka3 41. Ke4 Ne7 42. Nxh4 Kxa2 43. Nf5 Nc6 44.
Nxd6 Kxb3 45. h4 a5 46. Nxb7 Kb4 47. Nxa5 Nxa5 48. h5 1-0

[Event "*** Titled Tuesday Blitz"]
[Site "Chess.com"]
[Date "2020.04.07"]
[Round "3"]
[White "LiemLe"]
[Black "Kiborg95"]
[Result "1-0"]
[WhiteElo "2966"]
[BlackElo "2674"]
[TimeControl "180+1"]
[EndTime "13:30:24 PDT"]
[Termination "LiemLe won by resignation"]

1. e4 d6 2. d4 Nf6 3. Nc3 e5 4.
Nf3 Nbd7 5. Bc4 Be7 6. O-O O-O 7. Re1 c6 8. a4 h6 9. Ba2 a5 10. h3 Re8 11. Be3 exd4 12. Bxd4 Nf8 13. Qd3 Be6 14. Rad1 Bxa2 15. Nxa2 Ne6 16. Nc3 Nd7 17. Be3 Bf8 18.
Qc4 Qc7 19. Ne2 Ne5 20. Nxe5 dxe5 21. Nc1 Rec8 22. c3 Rab8 23. Nb3 b5 24. axb5 Rxb5 25.
Bc1 Qa7 26. Nd2 a4 27. Qe2 Nf4 28. Qf3 a3 29. bxa3 Bxa3 30. Bxa3 Qxa3 31. Nc4 Qb3 32. Nd6 Rc7 33. Nxb5 cxb5 34. Rb1 Qxc3 35. Qxc3 Rxc3 36. Rxb5 f6 37. h4 h5 38. g3 Nd3 39. Rd1 Nc5 40.
Rb4 Ne6 41. Rd7 Rc6 42. Rb8+ Kh7 43. Rbb7 Kg6 44. Re7 Ra6 45. Kg2 Kh6 46. Ra7 Rb6 47.
Kf3 Rb3+ 48. Ke2 Rb6 49. Ke3 Rc6 50. f4 exf4+ 51. gxf4 Rc3+ 52. Kd2 1-0

[Event "*** Titled Tuesday Blitz"]
[Site "Chess.com"]
[Date "2020.04.07"]
[Round "3"]
[White "Squirlolz"]
[Black "Rsnr"]
[Result "0-1"]
[WhiteElo "2573"]
[BlackElo "2815"]
[TimeControl "180+1"]
[EndTime "13:30:24 PDT"]
[Termination "Rsnr won by resignation"]

1. e4 c6 2. Nc3 d5 3. Nf3 Bg4 4.
h3 Bh5 5. exd5 cxd5 6. g4 Bg6 7. d4 Nc6 8. Ne5 e6 9. Bb5 Rc8 10. Qe2 Ne7 11. h4 h5 12. Nxg6 Nxg6 13. gxh5 Nxh4 14.
Be3 Nf5 15. O-O-O Bb4 16. Qd3 a6 17. Bxc6+ Rxc6 18. Ne2 Bd6 19. Bf4 Bxf4+ 20. Nxf4 Qd6 21. Ne2 Kd7 22. Ng3 Qf4+ 23. Kb1 Nd6 24. Qe3 Qf6 25. Qe5 Qxf2 26. Rc1 f6 27. Qe1 Qxe1 28. Rcxe1 Nf7 29. c3 Ng5 30. Kc2 b5 31. Kd3 b4 32. cxb4 Rc4 33. a3 Nf3 34. Ref1 Nxd4 35. Ne2 Nxe2 36. Kxe2 Rc2+ 37.
Kd3 Rxb2 38. Rfg1 Rh7 39. Rg6 Ke7 40. Kd4 Rc2 41. h6 gxh6 42. Rhxh6 Rxh6 43. Rxh6 Rc4+ 44. Kd3 e5 45. Rh7+ Ke6 46. Ra7 Rc6 47. a4 d4 48.
b5 axb5 49. axb5 Rd6 50. Rb7 Kd5 51. Rb8 e4+ 52. Ke2 Kc5 53. Re8 f5 54. Re5+ Rd5 55. Rxf5 Rxf5 0-1

[Event "*** Titled Tuesday Blitz"]
[Site "Chess.com"]
[Date "2020.04.07"]
[Round "3"]
[White "chabo96"]
[Black "Megagigahiper3345"]
[Result "1-0"]
[WhiteElo "2587"]
[BlackElo "2293"]
[TimeControl "180+1"]
[EndTime "13:30:24 PDT"]
[Termination "chabo96 won by resignation"]

1. e4 c5 2. a3 g6 3. Bc4 Bg7 4. Nc3 Nc6 5. d3 e6 6. Ba2 Nge7 7. h4 h6 8. h5 g5 9. f4 gxf4 10. Bxf4 d5 11. Nf3 d4 12. Ne2 e5 13. Bd2 f5 14. Nh4 fxe4 15. dxe4 Qd6 16. Ng3 Bd7 17. Qe2 O-O-O 18. O-O-O Rdf8 19. Rdf1 Be6 20. Ngf5 Nxf5 21.
Nxf5 Rxf5 22. Bxe6+ Qxe6 23. exf5 Qa2 24. Kd1 d3 25.
Qxd3 Rd8 26. Qc3 e4 27. f6 Nd4 28. Qxc5+ Kb8 29. Ke1 e3 30. Bxe3 Bf8 31. Qe5+ Bd6 32. Qxd4 Bg3+ 33. Ke2 Rxd4 34. Bxd4 Qc4+ 35. Ke3 Bd6 36.
f7 b6 37. f8=Q+ Bxf8 38. Rxf8+ Kb7 39. Rf2 Qe6+ 40. Kd3 Qd5 41. Re1 Qb5+ 42. c4 Qb3+ 43. Bc3 Qa4 44. Re7+ Ka6 45. Kd2 Qc6 46. Rff7 Qd6+ 47. Kc2 b5 48. Rf6 Qxf6 49. Bxf6 1-0

[Event "*** Titled Tuesday Blitz"]
[Site "Chess.com"]
[Date "2020.04.07"]
[Round "3"]
[White "FeketeBarika"]
[Black "Th3ChessViking"]
[Result "1/2-1/2"]
[WhiteElo "2268"]
[BlackElo "2529"]
[TimeControl "180+1"]
[EndTime "13:30:24 PDT"]
[Termination "Game drawn by repetition"]

1. Nf3 c5 2. g3 Nc6 3. c4 g6 4.
Bg2 Bg7 5. O-O d6 6. Nc3 Bf5 7. d3 Qd7 8. Re1 Bh3 9. Bh1 h5 10. Bg5 f6 11. Bd2 h4 12. Nd5 O-O-O 13. b4 hxg3 14.
fxg3 Nh6 15. Rb1 Ng4 16. Qa4 e6 17. b5 Nb8 18. Nf4 g5 19. Nxh3 Rxh3 20. Qxa7 Nxh2 21. Nxh2 Rdh8 22. Bg2 Rxh2 23. a4 f5 24. a5 Bd4+ 25. e3 Qh7 26. Qxb7+ Qxb7 27. Bxb7+ Kxb7 28. a6+ Kb6 29.
exd4 Rxd2 30. Rxe6 Rhh2 31. Rxd6+ Kc7 32. dxc5 Rdg2+ 33.
Kf1 Ra2 34. b6+ Kc8 35. Kg1 Rag2+ 36. Kf1 Ra2 37. Kg1 Nxa6 38. b7+ Kc7 39. Rxa6 Rag2+ 40. Kf1 Rf2+ 41. Ke1 Re2+ 42. Kf1 Rhf2+ 43. Kg1 Rg2+ 44. Kf1 Rgf2+ 45. Kg1 Rg2+ 46. Kf1 Rgf2+ 1/2-1/2

[Event "*** Titled Tuesday Blitz"]
[Site "Chess.com"]
[Date "2020.04.07"]
[Round "3"]
[White "Maili15"]
[Black "keepitcoming"]
[Result "1-0"]
[WhiteElo "2293"]
[BlackElo "2515"]
[TimeControl "180+1"]
[EndTime "13:30:25 PDT"]
[Termination "Maili15 won by resignation"]

1. d4 d5 2. c4 e6 3. Nc3 c5 4. e3 cxd4 5. exd4 Nf6 6. Nf3 Be7 7.
Bg5 O-O 8. Bd3 dxc4 9. Bxc4 Nc6 10. O-O b6 11. Rc1 Bb7 12. Qd3 Rc8 13. a3 h6 14.
Bh4 Nh5 15. Bxe7 Nxe7 16. Ne2 Ng6 17. Qe3 Qf6 18. Ne5 Nhf4 19. Nxg6 Nxg2 20. Qg3 fxg6 21. d5 Rxc4 22. Rxc4 Bxd5 23. Rg4 g5 24. Qh3 Nf4 25. Nxf4 gxf4 26. f3 Qd4+ 27. Kh1 Rf7 28. Qxh6 Qxb2 29. Qh3 Qxa3 30. Rg2 Qd3 31. Rgf2 a5 32. Qg2 a4 33.
Rd2 Qb5 34. Qf2 a3 35. Re1 a2 36. Rxa2 Bxa2 37. Qxa2 Qd3 38. Qxe6 Qxf3+ 39. Kg1 Qb7 40. Rb1 b5 41. Qe5 Rf6 42. Qe8+ Kh7 43. Qh5+ Rh6 44. Qf5+ Rg6+ 45. Kf1 Qg2+ 46. Ke1 Qg1+ 47. Kd2 Qe3+ 48. Kc2 f3 49. Rxb5 Qe2+ 50. Kc3 Qe1+ 51. Kd4 f2 52.
Qh5+ Rh6 53. Qf5+ Kg8 54. Rb8+ 1-0

[Event "*** Titled Tuesday Blitz"]
[Site "Chess.com"]
[Date "2020.04.07"]
[Round "3"]
[White "daro94"]
[Black "AndrewMaco"]
[Result "1-0"]
[WhiteElo "2862"]
[BlackElo "2630"]
[TimeControl "180+1"]
[EndTime "13:30:26 PDT"]
[Termination "daro94 won by checkmate"]

1. Nf3 Nf6 2. g3 e6 3. Bg2 d5 4. O-O Be7 5. d3 O-O 6. Nbd2 c5 7.
e4 Nc6 8. e5 Nd7 9. Re1 b5 10.
Nf1 Qc7 11. Bf4 Bb7 12. Ne3 Nd4 13. Nxd4 cxd4 14. Nxd5 Bxd5 15. Bxd5 exd5 16. e6 Bd6 17. Bxd6 Qxd6 18. exd7 Qxd7 19. Qf3 Rfe8 20. Qf4 Qc6 21. Qxd4 Qxc2 22. h4 h6 23. Kg2 a6 24. Rac1 Qd2 25.
Rxe8+ Rxe8 26. Rc7 Re2 27. b4 Qb2 28. Qf4 Qf6 29.
Qxf6 gxf6 30. Rc6 Rxa2 31. Rxf6 Kg7 32. Rd6 Ra4 33. Kf3 f6 34. h5 Kf7 35. Rxd5 Rxb4 36. Rd7+ Kg8 37. Ra7 Ra4 38. d4 Rxd4 39. Rxa6 Kg7 40.
Ra7+ Kg8 41. Rb7 Rb4 42. Ke3 Rb1 43. Kf4 b4 44. Kf5 b3 45. f4 b2 46. g4 Kf8 47.
Kxf6 Rg1 48. Rb8# 1-0

[Event "*** Titled Tuesday Blitz"]
[Site "Chess.com"]
[Date "2020.04.07"]
[Round "3"]
[White "GeorgMeier"]
[Black "UCantHandleDenker"]
[Result "1-0"]
[WhiteElo "3001"]
[BlackElo "2492"]
[TimeControl "180+1"]
[EndTime "13:30:26 PDT"]
[Termination "GeorgMeier won on time"]

1. Nf3 Nf6 2. g3 g6 3. Bg2 Bg7 4. d4 O-O 5. O-O c5 6. dxc5 Na6 7. Nc3 Nxc5 8. Be3 d6 9. a4 Rb8 10. a5 b6 11. axb6 axb6 12. Nd4 Bd7 13. Nc6 Bxc6 14. Bxc6 e6 15. b4 Rc8 16. Bf3 Ncd7 17. Nb5 d5 18.
Bd4 e5 19. Bb2 e4 20. Bg2 Rc4 21. Qd2 Qe7 22. Ra4 Rfc8 23. Rc1 Ne5 24. Bd4 Nfd7 25.
c3 h5 26. Rd1 h4 27. Bxe5 Nxe5 28. Qxd5 hxg3 29. hxg3 e3 30. f4 Ng4 31. Nd6 Rxc3 32. Nxc8 Rxc8 33. Bf3 Nf2 34. Qd7 Qf8 35. Rd5 Rc1+ 36.
Kg2 Bf6 37. Ra7 Kg7 38. Rd6 Re1 39. Ra8 Qe7 40. Qxe7 Bxe7 41. Rd7 Bxb4 42. Raa7 Bc5 43. Rxf7+ Kg8 44. Rfc7 Bf8 45. Rc8 Rd1 46. Raa8 Kf7 47. Rxf8+ Ke6 48. Rfb8 1-0